[Event "DLM Youth 2024"]
[Site "Tuebingen"]
[Date "2024.10.03"]
[Round "2"]
[White "Lu, Sheng"]
[Black "Mersmann, Jasmin"]
[Result "1/2-1/2"]
[ECO "C55"]
[WhiteElo "1559"]
[BlackElo "1607"]
[Annotator "NA RC"]
[PlyCount "120"]
[EventDate "2024.10.03"]
[EventType "team-swiss"]
[EventRounds "7"]
[EventCountry "GER"]
[SourceTitle "playchess.com"]
[Source "ChessBase"]
[SourceQuality "1"]
[TimeControl "40/5400+30:1800+30"]

1. e4 e5 2. Nf3 Nc6 3. Bc4 Be7 4. Nc3 Nf6 5. d3 d6 6. h3 Be6 7. Bb3 O-O 8. O-O Nd7 9. d4 Bxb3 10. axb3 exd4 11. Nxd4 Nxd4 12. Qxd4 Nc5 13. Na4 Ne6 14. Qe3 Bf6 15. Bd2 Re8 16. Bc3 Ng5 17. Bxf6 Qxf6 18. Nc3 Qg6 19. Kh1 Nxe4 20. Rxa7 Rab8 21. Nxe4 Qxe4 22. Qxe4 Rxe4 23. Rfa1 Ree8 24. R1a4 c6 25. Rb4 Re7 26. Rb6 Kf8 27. b4 Re2 28. Raxb7 Rxb7 29. Rxb7 Rxf2 30. c4 Rxb2 31. Rb6 Ke7 32. Rxc6 Rxb4 33. c5 dxc5 34. Rxc5 Kf6 35. Kh2 Rf4 36. g4 Rf3 37. Kg2 Re3 38. Rf5+ Ke6 39. Kh2 g6 40. Rf4 h5 41. gxh5 gxh5 42. Kg2 Re5 43. Kg3 Rf5 44. Ra4 Kf6 45. Kh4 Kg6 46. Ra6+ f6 47. Ra8 Rf4+ 48. Kg3 Re4 49. Ra3 Kg5 50. h4+ Kf5 51. Ra5+ Kg6 52. Ra3 Rg4+ 53. Kh3 Re4 54. Kg3 Kf5 55. Ra5+ Re5 56. Ra3 Re1 57. Ra5+ Re5 58. Ra3 Rd5 59. Rb3 Ke4 60. Rb4+ Kf5 1/2-1/2

[Event "DLM Youth 2024"]
[Site "Tuebingen"]
[Date "2024.10.03"]
[Round "2"]
[White "Baklan, Kira"]
[Black "Margaryan, Mane"]
[Result "1/2-1/2"]
[ECO "B06"]
[WhiteElo "1550"]
[BlackElo "1493"]
[Annotator "NA RC"]
[PlyCount "122"]
[EventDate "2024.10.03"]
[EventType "team-swiss"]
[EventRounds "7"]
[EventCountry "GER"]
[SourceTitle "playchess.com"]
[Source "ChessBase"]
[SourceQuality "1"]
[TimeControl "40/5400+30:1800+30"]

1. e4 c6 2. Nf3 g6 3. d4 Bg7 4. Bd3 d5 5. h3 Nh6 6. Be3 f6 7. Na3 Nf7 8. c3 O-O 9. O-O e5 10. dxe5 fxe5 11. Qd2 Re8 12. Rad1 b6 13. Bc2 Bb7 14. Bb3 Nd7 15. exd5 cxd5 16. Bxd5 Bxd5 17. Qxd5 Nf6 18. Qxd8 Raxd8 19. Rxd8 Rxd8 20. Re1 Nd5 21. Bc1 a6 22. Nc4 Re8 23. Ng5 b5 24. Nxf7 bxc4 25. Nd6 Re6 26. Nxc4 Nb6 27. Nxb6 Rxb6 28. Rd1 a5 29. Rd8+ Kf7 30. Rd7+ Kf8 31. b3 a4 32. Ba3+ Kg8 33. Rd8+ Kf7 34. Rd7+ Kg8 35. Rd6 Rb8 36. bxa4 Bf8 37. a5 Bxd6 38. Bxd6 Rb1+ 39. Kh2 Rb2 40. f3 Rxa2 41. Bb4 Kf7 42. h4 h5 43. Kh3 Kf6 44. g4 hxg4+ 45. Kxg4 Ra1 46. Kg3 Kf5 47. Kf2 Rh1 48. Kg3 g5 49. hxg5 Kxg5 50. Bd6 Kf5 51. Kf2 Kf4 52. Ke2 Rh6 53. Bc5 Rh2+ 54. Bf2 e4 55. fxe4 Kxe4 56. a6 Rh6 57. a7 Ra6 58. Bd4 Ra2+ 59. Kd1 Kd3 60. Kc1 Kc4 61. Kb1 Ra4 1/2-1/2

[Event "DLM Youth 2024"]
[Site "Tuebingen"]
[Date "2024.10.03"]
[Round "2"]
[White "Wolf, Helena"]
[Black "Didas, Emma"]
[Result "1-0"]
[ECO "B07"]
[WhiteElo "1545"]
[BlackElo "1078"]
[Annotator "NA RC"]
[PlyCount "97"]
[EventDate "2024.10.03"]
[EventType "team-swiss"]
[EventRounds "7"]
[EventCountry "GER"]
[SourceTitle "playchess.com"]
[Source "ChessBase"]
[SourceQuality "1"]
[TimeControl "40/5400+30:1800+30"]

1. e4 d6 2. d4 Nf6 3. Nc3 g6 4. Be3 Bg7 5. Qd2 Nc6 6. f3 O-O 7. O-O-O e5 8. d5 Ne7 9. Bh6 Ne8 10. h4 c6 11. dxc6 bxc6 12. h5 d5 13. hxg6 fxg6 14. Bxg7 Nxg7 15. Qh6 Bb7 16. Nh3 Ne6 17. Nf2 Rf7 18. Ng4 Qc7 19. Qh2 Kf8 20. Nxe5 Rg7 21. Ng4 Qxh2 22. Rxh2 Rf7 23. Ne5 Rg7 24. Nd7+ Kf7 25. Na4 Rd8 26. Nac5 Nxc5 27. Nxc5 Bc8 28. Rd4 Be6 29. exd5 Rxd5 30. Nxe6 Kxe6 31. Bc4 Nf5 32. Bxd5+ cxd5 33. Rd1 Rd7 34. Re1+ Kf6 35. c3 Rc7 36. g4 Nd4 37. Kd1 Nc6 38. Rd2 Rd7 39. Rh1 Ke5 40. Rf2 d4 41. f4+ Kf6 42. Rd2 g5 43. Rh6+ Kg7 44. Rxc6 gxf4 45. Rxd4 Rxd4+ 46. cxd4 Kf7 47. Ke2 Kg7 48. Kf3 Kf7 49. Kxf4 1-0

[Event "DLM Youth 2024"]
[Site "Tuebingen"]
[Date "2024.10.04"]
[Round "3"]
[White "Pubantz, Jan"]
[Black "Liebold, Aaron"]
[Result "1/2-1/2"]
[ECO "E11"]
[WhiteElo "2318"]
[BlackElo "2058"]
[Annotator "RC"]
[PlyCount "43"]
[EventDate "2024.10.03"]
[EventType "team-swiss"]
[EventRounds "7"]
[EventCountry "GER"]
[SourceTitle "playchess.com"]
[Source "ChessBase"]
[SourceQuality "1"]
[TimeControl "40/5400+30:1800+30"]

1. d4 Nf6 2. c4 e6 3. g3 d5 4. Nf3 Bb4+ 5. Bd2 Be7 6. Bg2 O-O 7. O-O h6 8. Qc2 c6 9. Bf4 Nbd7 10. Rd1 a5 11. b3 b6 12. Nc3 Ba6 13. e4 dxc4 14. bxc4 Bxc4 15. Ne5 Nxe5 16. dxe5 Nd7 17. Na4 Bb5 18. Nxb6 Qxb6 19. Rxd7 Bc5 20. a4 Ba6 21. Bf3 Rfd8 22. Rxd8+ 1/2-1/2

[Event "DLM Youth 2024"]
[Site "Tuebingen"]
[Date "2024.10.04"]
[Round "3"]
[White "Haack, Kevin"]
[Black "Ermitsch, Magnus"]
[Result "1/2-1/2"]
[ECO "E69"]
[WhiteElo "2305"]
[BlackElo "2396"]
[Annotator "RC"]
[PlyCount "102"]
[EventDate "2024.10.03"]
[EventType "team-swiss"]
[EventRounds "7"]
[EventCountry "GER"]
[SourceTitle "playchess.com"]
[Source "ChessBase"]
[SourceQuality "1"]
[TimeControl "40/5400+30:1800+30"]

1. d4 Nf6 2. c4 g6 3. g3 Bg7 4. Bg2 O-O 5. Nc3 d6 6. Nf3 Nbd7 7. O-O e5 8. e4 Re8 9. Re1 c6 10. h3 Qc7 11. Be3 b6 12. d5 c5 13. a4 a5 14. Qd2 Kh8 15. Bh6 Qd8 16. Rf1 Nh5 17. Bxg7+ Kxg7 18. Rae1 Ndf6 19. b3 Ng8 20. Ne2 f5 21. Ng5 Ra7 22. exf5 gxf5 23. f4 Rae7 24. Qc3 Ngf6 25. fxe5 Rxe5 26. Nf4 Nxf4 27. gxf4 Rxe1 28. Rxe1 Rxe1+ 29. Qxe1 Qe8 30. Qxe8 Nxe8 31. Kf2 h6 32. Nf3 Bd7 33. Nh4 Nc7 34. Bf1 Kf6 35. Bd3 Ne8 36. Bc2 Ng7 37. Ke3 Be8 38. Kf2 Bf7 39. Ke3 Bh5 40. Kd2 Bg6 41. Ke3 Bh7 42. Kf3 Ne8 43. Ke3 Nc7 44. Bb1 Na6 45. Kd2 Nb8 46. Bd3 Nd7 47. Ke3 Nf8 48. Bc2 Bg6 49. Kd2 Nh7 50. Ke3 Nf8 51. Kd2 Nd7 1/2-1/2

[Event "DLM Youth 2024"]
[Site "Tuebingen"]
[Date "2024.10.04"]
[Round "3"]
[White "Gallasch, Jonas"]
[Black "Wunderlich, Elias"]
[Result "1-0"]
[ECO "A46"]
[WhiteElo "2291"]
[BlackElo "2073"]
[Annotator "RC"]
[PlyCount "63"]
[EventDate "2024.10.03"]
[EventType "team-swiss"]
[EventRounds "7"]
[EventCountry "GER"]
[SourceTitle "playchess.com"]
[Source "ChessBase"]
[SourceQuality "1"]
[TimeControl "40/5400+30:1800+30"]

1. Nf3 e6 2. g3 Nf6 3. Bg2 d5 4. O-O Be7 5. d4 b5 6. a4 b4 7. c4 Bb7 8. Nbd2 c5 9. dxc5 Bxc5 10. Nb3 Be7 11. cxd5 Nxd5 12. e4 Nf6 13. Qxd8+ Kxd8 14. e5 Nfd7 15. Rd1 a5 16. Be3 Ke8 17. Rac1 Bd5 18. Nfd4 Nb6 19. Nb5 Bxb3 20. Bxb6 Bxd1 21. Rc8+ Kd7 22. Rxh8 Ra6 23. Rxb8 Bxa4 24. Bf1 f6 25. Nd6 fxe5 26. Bxa6 Bxd6 27. Rd8+ Kc6 28. Bxa5 e4 29. Rc8+ Kd5 30. Bc4+ Kd4 31. Bb6+ Ke5 32. Bc7 1-0

[Event "DLM Youth 2024"]
[Site "Tuebingen"]
[Date "2024.10.04"]
[Round "3"]
[White "Lutz, Ruben"]
[Black "Kocharin, Timur"]
[Result "1/2-1/2"]
[ECO "D43"]
[WhiteElo "2270"]
[BlackElo "2234"]
[Annotator "RC"]
[PlyCount "153"]
[EventDate "2024.10.03"]
[EventType "team-swiss"]
[EventRounds "7"]
[EventCountry "GER"]
[SourceTitle "playchess.com"]
[Source "ChessBase"]
[SourceQuality "1"]
[TimeControl "40/5400+30:1800+30"]

1. d4 Nf6 2. Nf3 d5 3. c4 c6 4. Nc3 e6 5. Bg5 h6 6. Bxf6 Qxf6 7. e3 Nd7 8. Bd3 dxc4 9. Bxc4 g6 10. O-O Bg7 11. Qc2 O-O 12. Rac1 e5 13. dxe5 Nxe5 14. Nxe5 Qxe5 15. Qxg6 Bf5 16. Qh5 b5 17. Bb3 a5 18. Bc2 Be6 19. Qxe5 Bxe5 20. Be4 b4 21. Na4 Bxa2 22. Rxc6 Rac8 23. f4 Rxc6 24. Bxc6 Rc8 25. Bb7 Rc7 26. fxe5 Rxb7 27. Ra1 Be6 28. Nc5 Rb5 29. Rc1 Rb8 30. Nxe6 fxe6 31. Rc5 a4 32. Rc4 Rb5 33. Kf2 a3 34. bxa3 bxa3 35. Ra4 Rxe5 36. Rxa3 Kf7 37. Ra4 Kf6 38. Kf3 Rb5 39. Rf4+ Kg6 40. h3 Ra5 41. Rg4+ Kf6 42. Rf4+ Kg6 43. Ke4 Rb5 44. Rf2 Ra5 45. Kd4 Rd5+ 46. Ke4 Ra5 47. Rd2 Kf6 48. Rd4 Rf5 49. Kd3 Ra5 50. Ke2 Rb5 51. Kf3 Ra5 52. Rb4 Rc5 53. g3 Ra5 54. Rb8 Rc5 55. Rf8+ Kg7 56. Rf4 Kg6 57. e4 Rc3+ 58. Kg2 Rc2+ 59. Rf2 Rc3 60. e5 Kg7 61. Rf6 Rc6 62. Kf3 Ra6 63. Kg4 Ra4+ 64. Kh5 Ra3 65. Kh4 Re3 66. Rxe6 h5 67. g4 hxg4 68. hxg4 Kf7 69. Rf6+ Kg7 70. Re6 Kf7 71. Rf6+ Kg7 72. Rf5 Kg6 73. Rh5 Kg7 74. Rg5+ Kh6 75. Rh5+ Kg7 76. Rf5 Kg6 77. Rf6+ 1/2-1/2

[Event "DLM Youth 2024"]
[Site "Tuebingen"]
[Date "2024.10.04"]
[Round "3"]
[White "Bornholdt, Joa Max"]
[Black "Sydykov, Bayastan"]
[Result "1-0"]
[ECO "D02"]
[WhiteElo "2268"]
[BlackElo "2268"]
[Annotator "RC"]
[PlyCount "62"]
[EventDate "2024.10.03"]
[EventType "team-swiss"]
[EventRounds "7"]
[EventCountry "GER"]
[SourceTitle "playchess.com"]
[Source "ChessBase"]
[SourceQuality "1"]
[TimeControl "40/5400+30:1800+30"]

1. d4 d5 2. Nf3 Nf6 3. c3 e6 4. Bg5 Be7 5. Nbd2 Nbd7 6. e3 h6 7. Bh4 O-O 8. Bd3 Ne8 9. Bg3 c5 10. Ne5 Qb6 11. Rb1 Nxe5 12. dxe5 Bd7 13. O-O Bb5 14. c4 dxc4 15. Nxc4 Bxc4 16. Bxc4 Qc6 17. Qg4 Nc7 18. Bd3 Rfd8 19. Be4 Nd5 20. Rbe1 Qb6 21. Bf4 Kf8 22. Bh7 Qc7 23. Qg3 Nxf4 24. exf4 Rd4 25. f5 exf5 26. Bxf5 Rad8 27. f4 c4 28. Kh1 Re8 29. e6 fxe6 30. Bxe6 Bf6 31. Qg6 Rd6 1-0

[Event "DLM Youth 2024"]
[Site "Tuebingen"]
[Date "2024.10.04"]
[Round "3"]
[White "Hinrichs, Paul"]
[Black "Chassard, Cedric"]
[Result "1/2-1/2"]
[ECO "E04"]
[WhiteElo "2264"]
[BlackElo "2289"]
[Annotator "RC"]
[PlyCount "84"]
[EventDate "2024.10.03"]
[EventType "team-swiss"]
[EventRounds "7"]
[EventCountry "GER"]
[SourceTitle "playchess.com"]
[Source "ChessBase"]
[SourceQuality "1"]
[TimeControl "40/5400+30:1800+30"]

1. d4 Nf6 2. c4 e6 3. Nf3 d5 4. g3 dxc4 5. Bg2 Bd7 6. Ne5 Bc6 7. Nxc6 Nxc6 8. O-O Qd7 9. e3 O-O-O 10. Nd2 e5 11. Nxc4 exd4 12. Qa4 Nd5 13. exd4 Kb8 14. Rd1 f6 15. a3 h5 16. Na5 Nxa5 17. Qxa5 h4 18. Rd3 c6 19. Bd2 Bd6 20. Rc1 Bc7 21. Qa4 Bb6 22. Ba5 Bxa5 23. Qxa5 Rh5 24. Qa4 hxg3 25. hxg3 Qf5 26. Qd1 Qg5 27. Rc2 Rdh8 28. Qf3 Re8 29. Rd1 Qf5 30. Qxf5 Rxf5 31. b4 a6 32. Rb1 Nc7 33. Rc5 Nd5 34. a4 Re2 35. Bf1 Rd2 36. b5 axb5 37. axb5 Kc7 38. Bg2 Ne7 39. bxc6 bxc6 40. Rbc1 Rxc5 41. dxc5 Ra2 42. Re1 Kd7 1/2-1/2

[Event "DLM Youth 2024"]
[Site "Tuebingen"]
[Date "2024.10.04"]
[Round "3"]
[White "Weihrauch, Jakob"]
[Black "Foksha, Mischa"]
[Result "1-0"]
[ECO "B90"]
[WhiteElo "2264"]
[BlackElo "2078"]
[Annotator "RC"]
[PlyCount "63"]
[EventDate "2024.10.03"]
[EventType "team-swiss"]
[EventRounds "7"]
[EventCountry "GER"]
[SourceTitle "playchess.com"]
[Source "ChessBase"]
[SourceQuality "1"]
[TimeControl "40/5400+30:1800+30"]

1. e4 c5 2. Nf3 d6 3. d4 cxd4 4. Nxd4 Nf6 5. Nc3 a6 6. h3 e5 7. Nf3 h6 8. g4 b5 9. g5 hxg5 10. Nxg5 Bb7 11. Be3 Nbd7 12. Qd2 b4 13. Nd5 Nxd5 14. exd5 Qa5 15. Bc4 Rc8 16. Bb3 Be7 17. Rg1 Bxg5 18. Rxg5 g6 19. Rg4 Rxh3 20. O-O-O Nc5 21. Bxc5 Rxc5 22. Rxb4 Bc8 23. f4 exf4 24. Qxf4 Qc7 25. Re4+ Kf8 26. Rde1 Rh5 27. Re8+ Kg7 28. Qd4+ Re5 29. R1xe5 dxe5 30. Qh4 g5 31. Qxg5+ Kh7 32. Rg8 1-0

[Event "DLM Youth 2024"]
[Site "Tuebingen"]
[Date "2024.10.04"]
[Round "3"]
[White "Semling, Julius"]
[Black "Haubold, Sebastian"]
[Result "1/2-1/2"]
[ECO "E73"]
[WhiteElo "2233"]
[BlackElo "2030"]
[Annotator "RC"]
[PlyCount "77"]
[EventDate "2024.10.03"]
[EventType "team-swiss"]
[EventRounds "7"]
[EventCountry "GER"]
[SourceTitle "playchess.com"]
[Source "ChessBase"]
[SourceQuality "1"]
[TimeControl "40/5400+30:1800+30"]

1. d4 Nf6 2. c4 g6 3. Nc3 Bg7 4. e4 d6 5. Be2 O-O 6. Be3 e5 7. d5 Na6 8. h4 Nc5 9. Qc2 c6 10. h5 cxd5 11. cxd5 Bd7 12. hxg6 fxg6 13. Bxc5 dxc5 14. d6 b5 15. Nf3 Qe8 16. Rd1 c4 17. a4 a6 18. axb5 axb5 19. b3 Rc8 20. bxc4 bxc4 21. Qa2 Be6 22. Ng5 h6 23. Nxe6 Qxe6 24. Qa6 Kh8 25. Rh3 Rfd8 26. Rf3 Ne8 27. Nb5 Qd7 28. Qa4 Qc6 29. Rc3 Rxd6 30. Nxd6 Qxa4 31. Nxc8 Qb4 32. Rdc1 Nf6 33. Bf3 h5 34. Ke2 Bh6 35. Rxc4 Qd2+ 36. Kf1 Qxc1+ 37. Rxc1 Bxc1 38. Nd6 Bb2 39. Nc4 1/2-1/2

[Event "DLM Youth 2024"]
[Site "Tuebingen"]
[Date "2024.10.04"]
[Round "3"]
[White "Semling, Johannes"]
[Black "Heinrich, John"]
[Result "1/2-1/2"]
[ECO "B56"]
[WhiteElo "2206"]
[BlackElo "2237"]
[Annotator "RC"]
[PlyCount "82"]
[EventDate "2024.10.03"]
[EventType "team-swiss"]
[EventRounds "7"]
[EventCountry "GER"]
[SourceTitle "playchess.com"]
[Source "ChessBase"]
[SourceQuality "1"]
[TimeControl "40/5400+30:1800+30"]

1. e4 c5 2. Nf3 d6 3. d4 cxd4 4. Nxd4 Nf6 5. Nc3 a6 6. Nb3 Nc6 7. Be3 Ng4 8. Bg5 h6 9. Bd2 Bd7 10. Bd3 g6 11. O-O Bg7 12. Kh1 O-O 13. f4 b5 14. h3 Nf6 15. a4 b4 16. Ne2 Qb6 17. Rf3 Qb7 18. Qe1 e5 19. Qf2 exf4 20. Bxf4 d5 21. exd5 Nxd5 22. Bd6 Ne5 23. Bxf8 Rxf8 24. Nc5 Qc7 25. Nxd7 Nxf3 26. Qxf3 Qxd7 27. Bxa6 Bxb2 28. Bb5 Qf5 29. Qxf5 gxf5 30. Rb1 Be5 31. Bc4 Ne3 32. Bd3 Rc8 33. Rxb4 Nxc2 34. Bxf5 Rc7 35. Rb8+ Kg7 36. Rc8 Rxc8 37. Bxc8 Nd4 38. Nc1 Bc7 39. Kg1 f5 40. Kf2 f4 41. Nd3 Kf6 1/2-1/2

[Event "DLM Youth 2024"]
[Site "Tuebingen"]
[Date "2024.10.04"]
[Round "3"]
[White "Baranyai-Molnar, Adam"]
[Black "Braeutigam, Alexander"]
[Result "1-0"]
[ECO "B96"]
[WhiteElo "2179"]
[BlackElo "2104"]
[Annotator "RC"]
[PlyCount "101"]
[EventDate "2024.10.03"]
[EventType "team-swiss"]
[EventRounds "7"]
[EventCountry "GER"]
[SourceTitle "playchess.com"]
[Source "ChessBase"]
[SourceQuality "1"]
[TimeControl "40/5400+30:1800+30"]

1. e4 c5 2. Nf3 d6 3. d4 cxd4 4. Nxd4 Nf6 5. Nc3 a6 6. Bg5 Nbd7 7. Qe2 Qc7 8. f4 e6 9. O-O-O b5 10. Nd5 Nxd5 11. exd5 e5 12. g4 Bb7 13. Bg2 h6 14. Bh4 Qc4 15. Qxc4 bxc4 16. Rhe1 g5 17. fxg5 hxg5 18. Bg3 O-O-O 19. Nf5 Nf6 20. h3 Kd7 21. Rf1 Be7 22. Ne3 Rc8 23. Be1 Rc5 24. Bb4 Rb5 25. Bc3 Rc5 26. Rf5 a5 27. Be1 Bd8 28. c3 a4 29. Bf2 a3 30. Nc2 axb2+ 31. Kxb2 Rb5+ 32. Nb4 Be7 33. Be3 Rg8 34. a4 Ra5 35. Ka3 Rga8 36. Bxg5 Rxa4+ 37. Kb2 Nh7 38. Bxe7 Kxe7 39. Rdf1 Rf8 40. Be4 f6 41. h4 Rg8 42. g5 Bc8 43. gxf6+ Kf7 44. Rh5 Nf8 45. Rg5 Bh3 46. Rf2 Ra8 47. Nc6 Nd7 48. Bh7 Nc5 49. Rf3 Bg2 50. Rxg8 Nd3+ 51. Rxd3 1-0

[Event "DLM Youth 2024"]
[Site "Tuebingen"]
[Date "2024.10.04"]
[Round "3"]
[White "Mohylnyi, Stepan"]
[Black "Klaska, Philipp Leon"]
[Result "0-1"]
[ECO "B34"]
[WhiteElo "2160"]
[BlackElo "2263"]
[Annotator "RC"]
[PlyCount "70"]
[EventDate "2024.10.03"]
[EventType "team-swiss"]
[EventRounds "7"]
[EventCountry "GER"]
[SourceTitle "playchess.com"]
[Source "ChessBase"]
[SourceQuality "1"]
[TimeControl "40/5400+30:1800+30"]

1. e4 c5 2. Nf3 g6 3. d4 cxd4 4. Nxd4 Bg7 5. Nc3 Nc6 6. Nde2 Nf6 7. g3 b5 8. Bg2 b4 9. Nd5 a5 10. O-O O-O 11. Be3 Rb8 12. h3 Ba6 13. Re1 e6 14. Ndf4 d6 15. Nd3 Nd7 16. f4 Nb6 17. e5 Nd5 18. Bxd5 exd5 19. Nd4 Rc8 20. Nxc6 Rxc6 21. Bd4 Qc8 22. Rc1 Bxd3 23. Qxd3 Qxh3 24. Bf2 dxe5 25. Qxd5 Re6 26. fxe5 Rfe8 27. c4 Bxe5 28. Qd7 Bxg3 29. Qxe8+ Rxe8 30. Rxe8+ Kg7 31. Bd4+ f6 32. Re2 Qg4 33. Rg2 Qxd4+ 34. Kh1 Qh4+ 35. Kg1 Bh2+ 0-1

[Event "DLM Youth 2024"]
[Site "Tuebingen"]
[Date "2024.10.04"]
[Round "3"]
[White "Karle, Sam"]
[Black "Fuhrmann, Bahne"]
[Result "0-1"]
[ECO "C84"]
[WhiteElo "2124"]
[BlackElo "2146"]
[Annotator "RC"]
[PlyCount "68"]
[EventDate "2024.10.03"]
[EventType "team-swiss"]
[EventRounds "7"]
[EventCountry "GER"]
[SourceTitle "playchess.com"]
[Source "ChessBase"]
[SourceQuality "1"]
[TimeControl "40/5400+30:1800+30"]

1. e4 e5 2. Nf3 Nc6 3. Bb5 a6 4. Ba4 Nf6 5. O-O Nxe4 6. d4 Be7 7. Re1 b5 8. Rxe4 d5 9. Nxe5 Nxe5 10. Rxe5 bxa4 11. Qe2 c6 12. Nc3 a3 13. b3 Be6 14. f4 Kf8 15. f5 Bd7 16. Na4 f6 17. Re3 Bxf5 18. Bd2 h5 19. Ba5 Qxa5 20. Rxe7 Qb4 21. Re1 Qxd4+ 22. Kh1 Qg4 23. Ra7 Rc8 24. Qe7+ Kg8 25. h3 Qg6 26. Nb6 Rf8 27. Nd7 Bxd7 28. Qxd7 Kh7 29. Qxc6 Rc8 30. Qxd5 Rxc2 31. Ree7 Rg8 32. b4 Kh6 33. Rxa6 Qg3 34. Rc6 Rd8 0-1

[Event "DLM Youth 2024"]
[Site "Tuebingen"]
[Date "2024.10.04"]
[Round "3"]
[White "Moeller, Maurin"]
[Black "Shen, Tingrui"]
[Result "0-1"]
[ECO "B55"]
[WhiteElo "2118"]
[BlackElo "2102"]
[Annotator "RC"]
[PlyCount "80"]
[EventDate "2024.10.03"]
[EventType "team-swiss"]
[EventRounds "7"]
[EventCountry "GER"]
[SourceTitle "playchess.com"]
[Source "ChessBase"]
[SourceQuality "1"]
[TimeControl "40/5400+30:1800+30"]

1. e4 c5 2. Nf3 d6 3. d4 cxd4 4. Nxd4 Nf6 5. Bc4 g6 6. f3 Qa5+ 7. Nc3 Bg7 8. Bb5+ Bd7 9. Be3 Bxb5 10. Ndxb5 Nc6 11. O-O O-O 12. Qd2 Ne5 13. b3 Rfc8 14. Rfd1 Kh8 15. Bd4 a6 16. Na4 Qxb5 17. Nb6 Nc6 18. Be3 Rab8 19. Nxc8 Rxc8 20. c4 Qh5 21. Rac1 Nd7 22. Qd5 Bh6 23. f4 Nf6 24. Qxh5 Nxh5 25. c5 Bxf4 26. Bxf4 Nxf4 27. Kf1 dxc5 28. Rxc5 Rc7 29. Rcc1 e5 30. Kf2 Ne6 31. Rd5 Kg7 32. g4 Kf6 33. h4 h6 34. a3 Ke7 35. Ke3 f6 36. b4 b6 37. b5 Ncd4 38. Rxc7+ Nxc7 39. bxa6 Nxd5+ 40. exd5 Nb5 0-1

[Event "DLM Youth 2024"]
[Site "Tuebingen"]
[Date "2024.10.04"]
[Round "3"]
[White "Haubold, Christian"]
[Black "Kauth, Lukas"]
[Result "1-0"]
[ECO "B90"]
[WhiteElo "2084"]
[BlackElo "1988"]
[Annotator "RC"]
[PlyCount "119"]
[EventDate "2024.10.03"]
[EventType "team-swiss"]
[EventRounds "7"]
[EventCountry "GER"]
[SourceTitle "playchess.com"]
[Source "ChessBase"]
[SourceQuality "1"]
[TimeControl "40/5400+30:1800+30"]

1. e4 c5 2. Nf3 d6 3. d4 cxd4 4. Nxd4 Nf6 5. Nc3 a6 6. Be3 e5 7. Nb3 Be6 8. h3 Be7 9. f4 exf4 10. Bxf4 Nc6 11. Qe2 Nd7 12. O-O-O Nce5 13. Kb1 Rc8 14. Nd5 Bxd5 15. exd5 O-O 16. g4 Re8 17. Qf2 Bh4 18. Bg3 Bxg3 19. Qxg3 Qc7 20. Rh2 Nc5 21. Nxc5 Qxc5 22. g5 Nc4 23. Bxc4 Qxc4 24. h4 Re5 25. b3 Qe4 26. Qh3 Qf5 27. Qxf5 Rxf5 28. Rd4 g6 29. c4 b5 30. Kc2 Rc5 31. Re2 Kg7 32. Re7 Rf2+ 33. Kc3 Rxa2 34. Rf4 Rc8 35. Rfxf7+ Kg8 36. Rg7+ Kf8 37. Ref7+ Ke8 38. Rxh7 bxc4 39. bxc4 a5 40. Ra7 Ra3+ 41. Kd4 Rf3 42. Rh8+ Rf8 43. Rxf8+ Kxf8 44. Rxa5 Rc7 45. Ra8+ Kf7 46. Rd8 Ke7 47. Rh8 Rc5 48. Rh7+ Kf8 49. Rd7 Ra5 50. Rxd6 Kf7 51. Rf6+ Kg7 52. d6 Ra1 53. c5 Ra4+ 54. Kd5 Rxh4 55. d7 Rh1 56. Rd6 Rd1+ 57. Kc6 Rf1 58. d8=Q Rf7 59. Rd7 Rxd7 60. Qxd7+ 1-0

[Event "DLM Youth 2024"]
[Site "Tuebingen"]
[Date "2024.10.04"]
[Round "3"]
[White "Sauer, Tim"]
[Black "Reuter, Elisa"]
[Result "1-0"]
[ECO "A22"]
[WhiteElo "2081"]
[BlackElo "1985"]
[Annotator "RC"]
[PlyCount "127"]
[EventDate "2024.10.03"]
[EventType "team-swiss"]
[EventRounds "7"]
[EventCountry "GER"]
[SourceTitle "playchess.com"]
[Source "ChessBase"]
[SourceQuality "1"]
[TimeControl "40/5400+30:1800+30"]

1. c4 e5 2. Nc3 Bb4 3. g3 Nf6 4. Bg2 O-O 5. e4 c6 6. Nge2 a5 7. O-O d6 8. h3 Be6 9. d3 d5 10. cxd5 cxd5 11. d4 Nc6 12. Bg5 exd4 13. Nxd5 Be7 14. Nxe7+ Qxe7 15. Nxd4 h6 16. Nxc6 bxc6 17. Bf4 Rfd8 18. Qc2 Qb4 19. a3 Qb5 20. Rfc1 Rac8 21. a4 Qb4 22. Ra3 Rd4 23. Be5 Rd2 24. Qc3 Qxc3 25. Bxc3 Rd3 26. Bf1 Rd7 27. e5 Ne4 28. Bxa5 Nd2 29. Bc3 Nxf1 30. Kxf1 Bxh3+ 31. Ke2 Bf5 32. Be1 c5 33. a5 Ra7 34. Ke3 c4 35. Ra4 Be6 36. Bc3 Rd8 37. a6 Rd3+ 38. Ke2 Bd5 39. Raa1 Bf3+ 40. Ke1 Rd8 41. Ra3 Rad7 42. Bd4 Rxd4 43. Rxf3 Ra8 44. Ra1 Rd5 45. Re3 Ra7 46. Re4 Rb5 47. Ra2 Rb6 48. Rxc4 Raxa6 49. Rxa6 Rxa6 50. Kd2 Kf8 51. Kc3 Ke7 52. b4 Ra3+ 53. Kd4 Rb3 54. Kd5 g5 55. Kc6 Kd8 56. b5 Kc8 57. Kb6+ Kd8 58. Rc6 h5 59. Rh6 h4 60. gxh4 gxh4 61. Rh8+ Kd7 62. Rxh4 Rf3 63. Rh6 Rxf2 64. Rf6 1-0

[Event "DLM Youth 2024"]
[Site "Tuebingen"]
[Date "2024.10.04"]
[Round "3"]
[White "Malinowsky, Levi"]
[Black "Mester, Philipp"]
[Result "0-1"]
[ECO "C54"]
[WhiteElo "2065"]
[BlackElo "1996"]
[Annotator "RC"]
[PlyCount "124"]
[EventDate "2024.10.03"]
[EventType "team-swiss"]
[EventRounds "7"]
[EventCountry "GER"]
[SourceTitle "playchess.com"]
[Source "ChessBase"]
[SourceQuality "1"]
[TimeControl "40/5400+30:1800+30"]

1. e4 e5 2. Nf3 Nc6 3. Bb5 Nf6 4. d3 Bc5 5. c3 d6 6. O-O O-O 7. Nbd2 a6 8. Ba4 Ba7 9. h3 Ne7 10. Re1 Ng6 11. Nf1 b5 12. Bc2 Re8 13. Ng3 Bb7 14. d4 c5 15. d5 Bc8 16. b3 Bb6 17. Nh2 Ba5 18. Bd2 Rb8 19. Nhf1 h6 20. Ne3 Nf4 21. Nef5 g6 22. Ne3 Nh7 23. Ne2 Qg5 24. Nxf4 exf4 25. Ng4 h5 26. b4 cxb4 27. cxb4 Bb6 28. Nh2 Qg3 29. Qf3 Ng5 30. Qxg3 fxg3 31. Bxg5 Bxf2+ 32. Kh1 Bxe1 33. Rxe1 gxh2 34. Bf4 Rd8 35. Kxh2 f6 36. Be3 Kg7 37. Bd4 Rd7 38. Bd3 Bb7 39. Rf1 Rf7 40. g4 hxg4 41. hxg4 g5 42. Rf5 Rh8+ 43. Kg2 Rg8 44. Kg3 Bc8 45. Rf1 Bd7 46. Rc1 Rc8 47. Rf1 Ra8 48. a3 a5 49. Bc3 Rc8 50. Bd2 a4 51. Rc1 Rff8 52. Rh1 Rh8 53. Rxh8 Rxh8 54. Kg2 Bxg4 55. Bxb5 Rh3 56. e5 fxe5 57. Bxg5 Rxa3 58. Be7 Bf3+ 59. Kf2 Bxd5 60. Bxd6 Kf6 61. Bd7 Rf3+ 62. Ke2 a3 0-1

[Event "DLM Youth 2024"]
[Site "Tuebingen"]
[Date "2024.10.04"]
[Round "3"]
[White "Windmueller, Simon"]
[Black "Weber, Nikita"]
[Result "1/2-1/2"]
[ECO "B28"]
[WhiteElo "2052"]
[BlackElo "2130"]
[Annotator "NA RC"]
[PlyCount "126"]
[EventDate "2024.10.03"]
[EventType "team-swiss"]
[EventRounds "7"]
[EventCountry "GER"]
[SourceTitle "playchess.com"]
[Source "ChessBase"]
[SourceQuality "1"]
[TimeControl "40/5400+30:1800+30"]

1. e4 c5 2. Nf3 a6 3. c3 d5 4. exd5 Qxd5 5. d4 e6 6. Be3 Nd7 7. Nbd2 Ngf6 8. h3 b6 9. Qb3 Bb7 $11 10. Rd1 Qxb3 11. Nxb3 Nd5 12. Bc1 Rc8 13. dxc5 Nxc5 14. Nxc5 Bxc5 15. Be2 h6 16. Ne5 Nf6 17. O-O b5 18. Bf3 Bxf3 19. Nxf3 O-O 20. Bf4 Rfd8 21. Be5 Ne4 22. Bd4 Bxd4 23. Nxd4 Nc5 24. f4 Rd5 25. Nb3 Nd3 26. Rd2 Rcd8 27. Nd4 Nc5 28. Re2 Na4 29. Rff2 b4 30. Nc6 Rd1+ 31. Kh2 bxc3 32. bxc3 R8d6 33. Ne5 Nxc3 34. Rc2 Ne4 35. Rfe2 f5 36. Rc8+ Kh7 37. Nf7 R6d2 38. Rh8+ Kg6 39. Ne5+ Kh5 40. g4+ fxg4 41. hxg4+ Kh4 42. Nf3+ Kxg4 43. Nxd2 Nxd2 44. Kg2 Nf3 45. Rg8 Nh4+ 46. Kf2 Nf5 47. Re8 Rd4 48. R2xe6 Ra4 49. Rg6+ Kxf4 50. Re2 a5 51. Kg1 Rd4 52. Rf2+ Ke5 53. Rb6 Nd6 54. Ra6 Rd1+ 55. Kg2 Rd5 56. Ra7 Nf5 57. Rb7 g5 58. a4 Ke4 59. Rb3 g4 60. Re2+ Kf4 61. Rf2+ Ke4 62. Re2+ Kf4 63. Rf2+ Ke4 1/2-1/2